 Dungeon Crawl Stone Soup version 0.28-a0-984-g3775c662fe (console) character file.

Game seed: 11390592902959270824

1089 jejorda2 the Slasher (level 8, -5/67 HPs)
             Began as a Gnoll Berserker on Dec 3, 2021.
             Was a Believer of Trog.
             Killed by divine providence
             ... invoked by an orc priest
              (13 damage)
             ... on level 5 of the Dungeon.
             The game lasted 00:10:29 (6380 turns).

jejorda2 the Slasher (Gnoll Berserker)              Turns: 6380, Time: 00:10:30

Health: -5/67      AC:  7    Str: 19      XL:     8   Next: 30%
Magic:  12/12      EV: 11    Int:  4 (6)  God:    Trog [**....]
Gold:   190        SH:  0    Dex: 10 (12) Spells: 13/13 levels left

rFire   . . .      SeeInvis .   a - +2 dagger (elec)
rCold   . . .      Faith    .   (no shield)
rNeg    . . .      Spirit   .   o - +0 scale mail
rPois   .          Reflect  .   (no helmet)
rElec   .          Harm     .   (no cloak)
rCorr   .          Rampage  .   (no gloves)
Will    .....                   (no boots)
Stlth   +.........              (no amulet)
HPRegen 0.21/turn               (no ring)
MPRegen 0.13/turn               (no ring)

@: on berserk cooldown, slowed, very slow
A: fangs 1, strong nose, distributed training
a: Renounce Religion, Berserk, Trog's Hand


You were on level 5 of the Dungeon.
You worshipped Trog.
Trog was pleased with you.
You visited 1 branch of the dungeon, and saw 5 of its levels.

You collected 190 gold pieces.

Inventory:

Hand Weapons
 a - a +2 dagger of electrocution (weapon)
 b - a +2 vorpal long sword
 g - a +0 hunting sling
Missiles
 c - 62 stones (quivered)
Armour
 o - a +0 scale mail (worn)
Jewellery
 f - a ring of ice
Scrolls
 e - 3 scrolls of identify {unknown}
 j - a scroll of fog {unknown}
 k - a scroll of noise {unknown}
 l - 3 scrolls of torment {unknown}
 m - a scroll of silence {unknown}
 q - 2 scrolls of teleportation {unknown}
Potions
 i - 2 potions of brilliance


   Skills:
 + Level 7.3 Fighting
 + Level 3.1 Short Blades
 + Level 7.3 Long Blades
 + Level 3.1 Axes
 + Level 3.1 Maces & Flails
 + Level 3.1 Polearms
 + Level 3.1 Staves
 + Level 3.1 Slings
 + Level 3.1 Bows
 + Level 3.1 Crossbows
 + Level 3.1 Throwing
 + Level 5.6 Armour
 + Level 5.6 Dodging
 + Level 3.1 Stealth
 + Level 3.1 Shields
 + Level 3.1 Unarmed Combat
 + Level 3.1 Spellcasting
 + Level 2.5 Conjurations
 + Level 2.5 Hexes
 + Level 2.5 Summonings
 + Level 2.5 Necromancy
 + Level 2.5 Translocations
 + Level 2.5 Transmutations
 + Level 2.5 Fire Magic
 + Level 2.5 Ice Magic
 + Level 2.5 Air Magic
 + Level 2.5 Earth Magic
 + Level 2.5 Poison Magic
 + Level 3.4 Invocations
 + Level 3.1 Evocations


You had 13 spell levels left.
You didn't know any spells.
Your spell library was empty.

Dungeon Overview and Level Annotations

Branches:
Dungeon (5/15)
 Temple: D:4-7

Altars:
Dithmenos
Kikubaaqudgha
Okawaru
Qazlal
Sif Muna
Trog
Wu Jian
Zin
Lugonu

Shops:
D:3 *

Portals:
Abyss: D:4


Innate Abilities, Weirdness & Mutations

You have very sharp teeth.
Your uncanny sense of smell can sniff out nearby items.
Your experience applies equally to all skills.


Message History

You see here a +0 giant spiked club.
You feel a strong urge to attack something.
The orc shouts!
You hear some strange, mumbled words.
A magic dart appears from out of thin air!
The magic dart hits you.
You see here a +0 giant spiked club.
You miss something. Your bite misses something. You closely miss something.
The orc shouts!
Something hits you but does no damage.
You closely miss something. You closely miss something.
An orc comes into view. It is wielding a +0 flail.
You hear some strange, mumbled words.
You are confused.
You are no longer berserk.
You are exhausted.
You feel yourself slow down.
The orc shouts!
The orc priest calls down the wrath of Beogh upon you.
Beogh smites you! Something hits you.
The orc priest calls down the wrath of Beogh upon you.
Beogh smites you!
The orc priest mumbles some strange prayers to Beogh against you.
Beogh smites you!
* * * LOW HITPOINT WARNING * * *
You hit the orc.
The orc is heavily wounded.
Something hits you.
* * * LOW HITPOINT WARNING * * *
The orc closely misses you.
The orc priest calls upon Beogh to heal the orc.
The orc's wounds heal themselves!
The orc hits you with a +0 dagger.
* * * LOW HITPOINT WARNING * * *
Something hits you but does no damage.
Okay, then.
You feel less confused.
The orc priest invokes the aid of Beogh against you.
Beogh smites you!
You die...

#.......#.....#
.#.......#.._..#
............8..#
............_..#
......o..#.....#
#....).....#
#.oo{......#
####.o.....#
#.@.....# #.......#
..#####.......###
.#+##.....#.........#
..........#.........#
.........####......#
.........# ##......#
#.##.....###....#..#
.
#.##.....#...........


You could see an orc priest and 3 orcs.

Vanquished Creatures
  A water moccasin (D:4)
  A black bear (D:5)
  2 ogres (D:5)
  A phantom (D:4)
  A scorpion (D:3)
  2 water moccasin skeletons
  2 jellies (D:4)
  A howler monkey (D:5)
  4 orc priests
  A centaur skeleton (D:4)
  2 iguanas
  An orc wizard (D:3)
  3 gnolls (D:2)
  2 adders
  An ufetubus (D:4)
  4 worms
  2 dart slugs (D:1)
  6 orcs
  8 ball pythons
  5 endoplasms
  A giant cockroach (D:3)
  4 goblins
  11 hobgoblins
  2 jackals (D:3)
  4 quokkas
  4 bats
  3 frilled lizards (D:2)
  6 kobolds
  6 rats
  2 lurking horrors (D:4)
93 creatures vanquished.

Notes
Turn   | Place    | Note
-------+----------+-------------------------------------------
     0 | D:1      | jejorda2 the Gnoll Berserker began the quest for the Orb.
     0 | D:1      | Reached XP level 1. HP: 23/23 MP: 1/1
   650 | D:1      | Reached XP level 2. HP: 29/29 MP: 2/2
  1184 | D:1      | Reached XP level 3. HP: 25/35 MP: 3/3
  1287 | D:2      | Reached skill level 1 in Invocations
  1489 | D:2      | Reached skill level 1 in Short Blades
  1489 | D:2      | Reached skill level 1 in Axes
  1489 | D:2      | Reached skill level 1 in Maces & Flails
  1489 | D:2      | Reached skill level 1 in Polearms
  1489 | D:2      | Reached skill level 1 in Staves
  1489 | D:2      | Reached skill level 1 in Slings
  1489 | D:2      | Reached skill level 1 in Bows
  1489 | D:2      | Reached skill level 1 in Crossbows
  1489 | D:2      | Reached skill level 1 in Throwing
  1489 | D:2      | Reached skill level 1 in Stealth
  1489 | D:2      | Reached skill level 1 in Shields
  1489 | D:2      | Reached skill level 1 in Unarmed Combat
  1489 | D:2      | Reached skill level 1 in Spellcasting
  1489 | D:2      | Reached skill level 1 in Evocations
  1831 | D:2      | Reached XP level 4. HP: 40/41 MP: 5/5
  2104 | D:2      | Found a faded altar of an unknown god.
  2268 | D:2      | You fall into a shaft and drop 2 floors!
  2268 | D:4      | Found an ornate altar of the Wu Jian Council.
  2317 | D:4      | Found an iron altar of Okawaru.
  2351 | D:4      | Reached skill level 1 in Conjurations
  2351 | D:4      | Reached skill level 1 in Hexes
  2351 | D:4      | Reached skill level 1 in Summonings
  2351 | D:4      | Reached skill level 1 in Necromancy
  2351 | D:4      | Reached skill level 1 in Translocations
  2351 | D:4      | Reached skill level 1 in Transmutations
  2351 | D:4      | Reached skill level 1 in Fire Magic
  2351 | D:4      | Reached skill level 1 in Ice Magic
  2351 | D:4      | Reached skill level 1 in Air Magic
  2351 | D:4      | Reached skill level 1 in Earth Magic
  2351 | D:4      | Reached skill level 1 in Poison Magic
  2717 | D:3      | Reached XP level 5. HP: 32/47 MP: 5/7
  2903 | D:3      | Found a glowing silver altar of Zin.
  3321 | D:2      | Reached ** piety under Trog
  3502 | D:3      | Found Urphic's General Store.
  4045 | D:4      | Reached XP level 6. HP: 52/53 MP: 8/8
  4126 | D:4      | Reached skill level 5 in Armour
  4126 | D:4      | Reached skill level 5 in Dodging
  4495 | D:4      | Found a one-way gate to the infinite horrors of the Abyss.
  4496 | D:4      | Found a corrupted altar of Lugonu.
  4501 | D:4      | Noticed a water moccasin
  4508 | D:4      | Killed a water moccasin
  4509 | D:4      | Reached XP level 7. HP: 59/59 MP: 10/10
  5129 | D:4      | Found a shimmering blue altar of Sif Muna.
  5407 | D:5      | Entered Level 5 of the Dungeon
  5923 | D:5      | Found a bloodstained altar of Trog.
  5928 | D:5      | Found a shadowy altar of Dithmenos.
  6013 | D:5      | Reached XP level 8. HP: 67/67 MP: 12/12
  6351 | D:5      | Found a stormy altar of Qazlal.
  6353 | D:5      | Found an ancient bone altar of Kikubaaqudgha.
  6380 | D:5      | Killed from afar by an orc priest

Illustrated notes

Levels and vault maps discovered:
D:1:      dpeg_arrival_rhombi, layout_loops_ring, corexii_leaking_fountain
D:2:      layout_basic, hellmonk_ecumenical_altar_zigzags
D:3:      layout_basic, lemuel_doored_altar, serial_shops,
          nicolae_shop_waterfront, kennysheep_big_empty_room
D:4:      layout_basic, mainiacjoe_overflow_boulevard,
          okawaru_metal_pillars_1_2, kennysheep_little_box,
          chequers_serial_rivers_small_a, chequers_mini_garden,
          amcnicky_altar_lugonu_corruption
D:5:      layout_basic, nicolae_overflow_hidden_temple,
          nicolae_overflow_crystal_walls, mainiacjoe_overflow_six_doors_small,
          lemuel_tele_altar, chequers_temple_overflow_statue_of_worship

Skill      XL: |  1  2  3  4  5  6  7  8 |
---------------+-------------------------+-----
Invocations    | 1 2 3 |  3.4
Short Blades   | 1 2 3 |  3.1
Axes           | 1 2 3 |  3.1
Maces & Flails | 1 2 3 |  3.1
Polearms       | 1 2 3 |  3.1
Staves         | 1 2 3 |  3.1
Slings         | 1 2 3 |  3.1
Bows           | 1 2 3 |  3.1
Crossbows      | 1 2 3 |  3.1
Throwing       | 1 2 3 |  3.1
Stealth        | 1 2 3 |  3.1
Shields        | 1 2 3 |  3.1
Unarmed Combat | 1 2 3 |  3.1
Spellcasting   | 1 2 3 |  3.1
Evocations     | 1 2 3 |  3.1
Conjurations   | 1 2 |  2.5
Hexes          | 1 2 |  2.5
Summonings     | 1 2 |  2.5
Necromancy     | 1 2 |  2.5
Translocations | 1 2 |  2.5
Transmutations | 1 2 |  2.5
Fire Magic     | 1 2 |  2.5
Ice Magic      | 1 2 |  2.5
Air Magic      | 1 2 |  2.5
Earth Magic    | 1 2 |  2.5
Poison Magic   | 1 2 |  2.5
Armour         | 5 |  5.6
Dodging        | 5 |  5.6
Fighting       | 7 |  7.3
Long Blades    | 7 |  7.3

Action                   |  1- 3 |  4- 6 |  7- 9 || total
-------------------------+-------+-------+-------++-------
Melee: Falchion          |    81 |    24 |       ||   105
       Bite              |    12 |    15 |    15 ||    42
       Long sword        |       |    95 |    71 ||   166
       Punch             |       |       |     1 ||     1
       Dagger            |       |       |    34 ||    34
Throw: Stone             |    13 |    34 |    10 ||    57
Invok: Berserk           |     1 |     3 |     3 ||     7
       Trog's Hand       |       |       |     1 ||     1
  Use: Potion            |       |       |     6 ||     6
 Stab: Sleeping          |     1 |     2 |       ||     3
       Distracted        |       |     1 |       ||     1
Armor: Animal skin       |     4 |     2 |       ||     6
       Leather armour    |       |     2 |       ||     2
       Scale mail        |       |    22 |    40 ||    62
       Skin              |       |       |     3 ||     3
Dodge: Dodged            |    43 |    63 |    50 ||   156

Table legend: (Time is in decaauts)
 A = Elapsed time spent in this place.
 B = Non-inter-level travel time spent in this place.
 C = Inter-level travel time spent in this place.
 D = Time resting spent in this place.
 E = Time spent auto-exploring this place.
 F = Levels seen in this place.
 G = Mean time per level.
                   A        B        C        D        E       F      G
               +--------+--------+--------+--------+--------+-----+--------+
         Total |   6430 |   6114 |    316 |    517 |   4807 |   5 | 1286.0 |
       Dungeon |   6430 |   6114 |    316 |    517 |   4807 |   5 | 1286.0 |
               +--------+--------+--------+--------+--------+-----+--------+

Top non-repeatable levels by time:
     D:4: 1947 daAuts
     D:2: 1570 daAuts
     D:1: 1185 daAuts
     D:3: 1175 daAuts
     D:5: 551 daAuts
